 Dungeon Crawl Stone Soup version 0.22.1-1-ga44c0e5 (webtiles) character file.

327766 Monsterracer the Black Belt (level 19, -46/315 HPs)
             Began as a Demigod Transmuter on Oct 6, 2018.
             Killed from afar by an ogre mage (65 damage)
             ... with a crystal spear
             ... on level 4 of the Vaults on Oct 7, 2018.
             The game lasted 02:23:11 (71595 turns).

Monsterracer the Black Belt (Demigod Transmuter)   Turns: 71595, Time: 02:23:11

Health: -46/315    AC: 39    Str: 20    XL:     19   Next: 97%
Magic:  21/38      EV: 19    Int: 27    God:
Gold:   1275       SH: 12    Dex: 16    Spells: 8/38 levels left

rFire    . . .     SeeInvis .     - Unarmed
rCold    + . .     Gourm    .   Z - +0 shield {rC+}
rNeg     + . .     Faith    .   (armour currently unavailable)
rPois    ∞         Spirit   .   q - +2 helmet
rElec    +         Reflect  .   i - +2 cloak
rCorr    .         Harm     .   (gloves currently unavailable)
MR       ++...                  (boots currently unavailable)
Stlth    ..........             n - amulet of rage
HPRegen  0.62/turn              X - ring of protection from magic {!d}
MPRegen  0.26/turn              M - +4 ring of protection

@: berserking (expiring), statue-form, marked
A: high mp 1
}: 2/15 runes: decaying, serpentine
a: End Transformation, Evoke Berserk Rage


You were on level 4 of the Vaults.
You were not hungry.
You were a stone statue.
You visited 6 branches of the dungeon, and saw 35 of its levels.
You also visited: Labyrinth.

You collected 4050 gold pieces.
You spent 2775 gold pieces at shops.

Inventory:

Missiles
 a - 1315 arrows (quivered) {S2S, Irradiate, Cause Fear}
 B - a throwing net
Armour
 i - a +2 cloak (worn)
 k - a +2 pair of gloves of strength (melded)
 q - a +2 helmet (worn)
 S - the +3 pair of boots of Time Monsters (melded) {rC+ rCorr MP-9 Str+3}
   (You bought it in a shop on level 2 of the Orcish Mines)

   It affects your strength (+3).
   It protects you from cold.
   It affects your magic capacity (-9).
   It provides partial protection from all sources of acid and corrosion.
 U - +4 swamp dragon scales (melded)
 Z - a +0 shield of cold resistance (worn)
Jewellery
 f - an uncursed ring of wizardry
 g - an uncursed ring of flight
 n - an amulet of rage (around neck)
 v - an uncursed ring of protection from cold {!d}
 y - an uncursed ring of resist corrosion
 M - a +4 ring of protection (right hand)
 O - an uncursed ring of fire
 X - a ring of protection from magic (left hand) {!d}
Wands
 e - a wand of disintegration (10)
 u - a wand of enslavement (12)
 w - a wand of clouds (3)
 z - a wand of flame (53)
 C - a wand of paralysis (16)
 H - a wand of iceblast (39)
 I - a wand of polymorph (55)
 J - a wand of digging (36)
 P - a wand of acid (7)
 T - a wand of scattershot (15)
Scrolls
 h - 9 scrolls of remove curse
 j - 12 scrolls of teleportation {!r}
 s - 11 scrolls of identify
 t - 3 scrolls of amnesia
 A - 5 scrolls of magic mapping {!r}
 D - a scroll of holy word
 N - 3 scrolls of fog
 V - a scroll of summoning {!r}
Potions
 d - a potion of invisibility
 l - a potion of lignification
 m - 3 potions of might
 o - 10 potions of curing
 p - 5 potions of heal wounds
 r - 7 potions of flight
 x - 7 potions of mutation {!q}
 E - 12 potions of brilliance
 F - 2 potions of magic
 G - 6 potions of haste
 K - 2 potions of ambrosia {!q}
 L - 4 potions of agility
 Q - 2 potions of resistance
 R - a potion of berserk rage {!q}
Comestibles
 c - 32 rations


   Skills:
 + Level 12.8 Fighting
 - Level 10.0 Armour
 - Level 10.0 Dodging
 + Level 11.1 Shields
 * Level 17.5 Unarmed Combat
 - Level 10.1 Spellcasting
 - Level 5.0 Conjurations
 - Level 5.1 Hexes
 + Level 15.1 Transmutations
 - Level 9.0 Earth Magic
 - Level 5.1 Evocations


You had 8 spell levels left.
You knew the following spells:

 Your Spells              Type           Power        Failure   Level  Hunger
a - Confusing Touch       Hex            #####.       1%          1    None
b - Sticks to Snakes      Tmut           #######.     1%          2    None
c - Irradiate             Conj/Tmut      ######....   3%          5    ####...
d - Blade Hands           Tmut           #######...   1%          5    ####...
f - Dragon Form           Tmut           #######...   12%         7    #######
h - Statue Form           Tmut/Erth      ######...    8%          6    #####..
w - Cause Fear            Hex            #####.....   9%          4    None

Your spell library contained the following spells:

 Spells                   Type           Power        Failure   Level  Hunger
 Beastly Appendage        Tmut           ######       0%          1    None
 Sandblast                Erth           ######       1%          1    None
 Passwall                 Tmut/Erth      ######..     1%          2    None
 Spider Form              Tmut/Pois      ######....   1%          3    None
 Stone Arrow              Conj/Erth      ######       1%          3    None
 Petrify                  Tmut/Erth      ######..     1%          4    None
 Hydra Form               Tmut           #######...   1%          6    #####..
 Confuse                  Hex            #####...     2%          3    None
 Ice Form                 Ice/Tmut       ######..     3%          4    None
 Yara's Violent Unravell  Hex/Tmut       ######....   3%          5    ####...
 Lee's Rapid Deconstruct  Erth           ######....   4%          5    ####...
 Inner Flame              Hex/Fire       ####....     7%          3    None
 Corpse Rot               Necr           N/A          11%         2    None
 Sublimation of Blood     Necr           ##........   11%         2    None
 Gell's Gravitas          Tloc           ##........   21%         3    None
 Ozocubu's Armour         Chrm/Ice       ##......     21%         3    None
 Sticky Flame             Conj/Fire      ####....     24%         4    None
 Metabolic Englaciation   Hex/Ice        ####......   54%         5    ####...
 Summon Mana Viper        Hex/Summ       ####....     54%         5    ####...
 Bolt of Draining         Conj/Necr      ####......   56%         5    ####...
 Invisibility             Hex            #####...     77%         6    #####..
 Agony                    Necr           ##......     88%         5    ####...
 Dispel Undead            Necr           ##......     88%         5    ####...
 Excruciating Wounds      Chrm/Necr      ##........   88%         5    ####...
 Ozocubu's Refrigeration  Ice            ##........   100%        6    #####..
 Simulacrum               Ice/Necr       ##........   100%        6    #####..


Dungeon Overview and Level Annotations

Branches:
Dungeon (15/15)            Temple (0/1) D:4            Lair (6/6) D:11
  Swamp (4/4) Lair:3        Snake (4/4) Lair:3        Slime (0/5) Lair:5
    Orc (2/2) D:12            Elf (0/3) Orc:2        Vaults (4/5) D:14
  Crypt (0/3) Vaults:2     Depths (0/5) D:15

Shops:
D:7 ?=[   D:9 !   D:12 %   Orc:2 *[[[*   Snake:2 (   Vaults:2 =   Vaults:3 (

Portals:
Trove: Vaults:4 (give +4 ice dragon scales)

Annotations:
Vaults:4 Sojobo


Innate Abilities, Weirdness & Mutations

You have an increased reservoir of magic. (+10% MP)


Message History

You take 9 damage, and have 45/162 hp.
Unknown command.
Press: ? - help, v - describe, . - travel, g - get item
Here: an ogre mage, wielding a whip and wearing a robe A giant spiked club.
An open door, spattered with blood.
Evoke which item? (* to show all) (? for menu, Esc to quit)
Okay, then.
Casting: Blade Hands (slightly dangerous; 11% risk of failure)
Confirm with . or Enter, or press ? or * to list all spells.
Okay, then.
Unknown command.
Your hands revert to their normal proportions.
Your +2 pair of gloves of strength unmelds from your body.
Your +0 shield of cold resistance unmelds from your body.
You feel stronger.
You feel resistant to cold.
You are covered in liquid flames!
The ogre mage closely misses you.
A vault sentinel comes into view. It is wielding a morningstar.
You block the ogre mage's attack.
Unknown command.
Casting: Blade Hands (safe; 1% risk of failure)
Confirm with . or Enter, or press ? or * to list all spells.
The ogre mage resists with almost no effort.
The vault sentinel looks frightened!
The ogre mage gestures at you while chanting.
The bolt of fire hits you!
A stone giant comes into view.
You now have 24/29 mp.
Unknown command.
Okay, then.
Evoke which item? (* to show all) (? for menu, Esc to quit)
Okay, then.
Really read
b - a scroll of fear {!r}?
As you read the scroll of fear {!r}, it crumbles to dust.
You assume a fearsome visage.
The ogre mage resists with some effort.
The stone giant looks frightened!
You block the ogre mage's attack. The ogre mage closely misses you.
You block the ogre mage's attack.
You see here a bolt.
Unknown command.
Casting: Cause Fear (safe; 12% risk of failure)
Confirm with . or Enter, or press ? or * to list all spells.
Okay, then.
Casting: Cause Fear (safe; 12% risk of failure)
Confirm with . or Enter, or press ? or * to list all spells.
You turn into a living statue of rough stone.
Your +2 pair of gloves of strength melds into your body.
The +3 pair of boots of Time Monsters {rC+ rCorr MP-9 Str+3} melds into your Your +4 swamp dragon scales melds into your body.
You feel weaker.
You are starving!
You block the ogre mage's attack.
A vault warden comes into view. It is wielding a war axe.
The ogre mage hits you but does no damage.
You now have 62/210 hp.
You eat one of the 33 rations.
That ration really hit the spot!
An ogre mage comes into view. It is wielding a spear.
A red film seems to cover your vision as you go berserk!
You feel yourself moving faster!
You feel mighty!
You feel a lot more hungry.
The vault warden hits you with a war axe!
* * * LOW HITPOINT WARNING * * *
A two-headed ogre comes into view. It is wielding two giant clubs.
The ogre mage hits you but does no damage.
The ogre mage gestures at the ogre mage while chanting.
The ogre mage seems to speed up.
The vault warden activates a sealing rune.
A door slams shut!
You now have 86/315 hp.
You pummel the vault warden!!
The vault warden is moderately wounded.
You feel yourself speed up. The ogre mage misses you.
A vault sentinel comes into view. It is wielding a falchion.
You block the ogre mage's attack. You block the vault warden's attack.
You punch the vault warden!
The vault warden is moderately wounded.
The ogre mage hits you but does no damage.
You pummel the vault warden like a punching bag!!!
The vault warden is almost dead.
The vault warden closely misses you. You block the ogre mage's attack.
You beat the vault warden into a bloody pulp!!!
You kill the vault warden!
The runic seal fades away.
The ogre mage gestures at you while chanting.
The crystal spear hits you!
* * * LOW HITPOINT WARNING * * *
An ironheart preserver comes into view. It is wielding a flail.
You block the ogre mage's attack.
You take 39 damage, and have 49/315 hp.
You see here an embroidered robe.
Unknown command.
You feel a strong urge to attack something.
The ogre mage points at you and mumbles some strange words.
The bolt of fire hits you!
* * * LOW HITPOINT WARNING * * *
The ogre mage points at you and mumbles some strange words.
The crystal spear hits you!
You die...

#.p# #.. #..# #..
#O(##########.. #..
#C.p.........[. #..
#p............. #..
##########O################'#
..........(.........(........
...........[........(........
............8...(.(..........
...............(.............
.............).....O.........
###############+###########..
#......# #.. #......# #..
#......# #.. #......# #..
#......# #..


You could see a stone giant, a two-headed ogre, an ogre mage and a vault
sentinel.

Vanquished Creatures
  Mara (Vaults:4)
  Boris (Vaults:4)
  Vashnia (Snake:2)
  A lich (Vaults:2)
  Asterion (Snake:4)
  A sphinx (Vaults:4)
  2 thorn hunters (Swamp:4)
  2 tengu reavers
  A storm dragon (Vaults:2)
  7 nagarajas
  3 frost giants
  A deep elf sorcerer (Vaults:3)
  2 fire giants
  6 vault wardens
  A war gargoyle (Vaults:3)
  A very ugly thing (Swamp:4)
  5 ironheart preservers
  5 stone giants
  A vampire knight (Vaults:2)
  A deep elf demonologist (Vaults:3)
  Azrael (D:14)
  A minotaur (Lab)
  6 yaktaur captains
  Josephine (Lair:5)
  2 ettins
  15 ogre magi
  2 fire dragons
  2 great orbs of eyes (Vaults:2)
  30 hydras
  2 vault guards (Vaults:3)
  5 ice dragons
  Erica (D:10)
  3 rakshasas
  4 death knights
  2 ghost crabs
  14 naga warriors
  A catoblepas (Lair:2)
  39 two-headed ogres
  7 centaur warriors
  22 alligators
  7 anacondas
  3 tengu warriors (D:15)
  A spriggan berserker (Swamp:4)
  An orc high priest (Orc:2)
  13 shock serpents
  20 naga sharpshooters
  A deep elf knight (Vaults:4)
  3 shadow wraiths
  8 skeletal warriors (Vaults:2)
  4 spriggan druids
  A flayed ghost (Vaults:2)
  5 deep trolls (Vaults:3)
  2 unseen horrors
  5 wizards
  2 shambling mangroves (Swamp:2)
  A glowing orange brain (shapeshifter) (Vaults:3)
  11 swamp dragons
  A lindwurm (Lair:6)
  8 naga ritualists
  2 glowing orange brains (Vaults:2)
  3 deep elf archers
  3 phantasmal warriors (D:12)
  Pikel (D:7)
  4 necromancers
  10 ironbrand convokers
  2 tengu zombies
  5 cyclopes
  8 orc knights
  12 mana vipers
  3 wolf spider zombies
  3 wolf spiders (Vaults:3)
  4 orc sorcerers
  24 ugly things
  3 oklob plants (Lair:4)
  12 deep elf magi
  A cyclops (shapeshifter) (Vaults:2)
  11 salamanders
  A manticore (D:15)
  32 black mambas
  10 vault sentinels
  A guardian serpent (shapeshifter) (Vaults:2)
  8 elephants
  A torpor snail (Lair:6)
  A stone giant skeleton (Vaults:4)
  2 molten gargoyles (Lair:6)
  2 centaur zombies
  23 naga magi
  3 gargoyles
  17 spiny frogs
  3 kobold demonologists
  11 freezing wraiths
  14 komodo dragons
  2 efreet (D:14)
  A redback zombie (D:15)
  A yaktaur skeleton (Vaults:2)
  5 rime drakes
  37 yaktaurs
  2 tengu conjurers
  2 trolls (shapeshifter)
  12 tyrant leeches
  10 trolls
  A polar bear (Vaults:1)
  12 hornets
  18 hippogriffs
  37 slime creatures
  13 bog bodies
  An ettin zombie (Vaults:4)
  12 blink frogs
  2 dream sheep (Lair:6)
  Sigmund (D:7)
  2 shadows
  9 wyverns
  4 vampires
  10 spriggans
  A tarantella (shapeshifter) (Vaults:3)
  An orc simulacrum (Vaults:1)
  3 spriggans (shapeshifter) (Vaults:4)
  28 yaks
  2 yaks (shapeshifter)
  7 hungry ghosts
  19 vampire mosquitoes
  6 wraiths
  11 basilisks
  16 humans (D:13)
  A basilisk (shapeshifter) (Vaults:3)
  3 steam dragons
  A yaktaur simulacrum (Vaults:3)
  A fire elemental (D:15)
  Grum (Lair:1)
  15 swamp worms
  A naga (shapeshifter) (Vaults:2)
  19 insubstantial wisps
  4 wargs
  6 acid dragons
  45 nagas
  A soldier ant (D:13)
  7 hell hounds
  11 water moccasins
  A deep troll skeleton (Vaults:2)
  14 porcupines
  A black bear (shapeshifter) (D:14)
  3 ice beasts
  7 sky beasts
  26 orc warriors
  2 slaves (D:7)
  15 swamp drakes
  46 ogres
  A black bear (D:7)
  11 wolves
  7 boggarts
  A boggart (shapeshifter) (Vaults:4)
  An eye of draining (D:12)
  14 crocodiles
  22 centaurs
  A big kobold (D:12)
  22 bullfrogs
  A human zombie (Vaults:4)
  2 human skeletons (Vaults:2)
  A wyvern zombie (D:13)
  A water moccasin zombie (D:4)
  2 scorpions
  2 wyvern skeletons
  2 troll zombies (D:12)
  13 killer bees
  3 wights (D:12)
  4 howler monkeys
  6 lava snakes
  2 bullfrog zombies (D:12)
  7 crimson imps
  A quasit (D:8)
  12 hounds
  A human simulacrum (Vaults:2)
  3 bullfrog skeletons
  9 centaur skeletons
  7 jellies
  18 orc priests
  6 iguanas
  21 orc wizards
  Natasha (D:2)
  11 worker ants
  6 ogre zombies (D:12)
  10 gnolls
  13 adders
  2 shadow imps
  2 oozes
  An adder zombie (D:6)
  An adder skeleton (D:9)
  A worm (D:2)
  5 leopard geckos
  70 orcs
  3 ball pythons
  9 giant cockroaches
  8 goblins
  12 hobgoblins
  11 jackals
  4 quokkas
  6 bats
  9 frilled lizards
  7 goblin zombies (D:12)
  A hobgoblin zombie (D:12)
  12 kobolds
  An orc skeleton (D:12)
  17 orc zombies
  A quokka skeleton (D:6)
  7 rats
  A fungus (Lair:2)
1496 creatures vanquished.

Vanquished Creatures (others)
  A tengu reaver (Vaults:4)
  A naga mage (Snake:4)
  A centaur skeleton (D:15)
  A naga (Snake:4)
  A swamp drake (Swamp:4)
  An orc wizard (Orc:1)
  2 briar patches (Swamp:4)
  3 bushes (D:11)
  7 fungi
  6 pillars of salt (Vaults:2)
  15 plants
39 creatures vanquished.

Grand Total: 1535 creatures vanquished

Notes
Turn   | Place    | Note
-------+----------+-------------------------------------------
     0 | D:1      | Monsterracer the Demigod Transmuter began the quest for the
                  | Orb.
     0 | D:1      | Reached XP level 1. HP: 15/15 MP: 5/5
   102 | D:1      | Noticed a hound
   102 | D:1      | Noticed a worker ant
   102 | D:1      | Noticed a black bear
   102 | D:1      | Noticed a crocodile
   102 | D:1      | Noticed a black mamba
   118 | D:1      | Reached skill level 1 in Fighting
   155 | D:1      | HP: 8/16 [hobgoblin/club (1)]
   157 | D:1      | Reached skill level 3 in Unarmed Combat
   531 | D:1      | Reached XP level 2. HP: 19/23 MP: 5/7
   568 | D:1      | HP: 8/23 [leopard gecko (5)]
  1037 | D:1      | Learned a level 2 spell: Sticks to Snakes
  1447 | D:2      | Reached XP level 3. HP: 24/29 MP: 4/8
  1710 | D:2      | HP: 9/29 [gnoll/whip (8)]
  2054 | D:2      | Reached skill level 4 in Unarmed Combat
  2054 | D:2      | Reached XP level 4. HP: 34/36 MP: 7/9
  2059 | D:2      | Learned a level 3 spell: Spider Form
  2332 | D:2      | Found a glowing golden altar of the Shining One.
  2422 | D:2      | HP: 16/36 [adder (5)]
  2426 | D:2      | HP: 7/36 [poisoned by an adder]
  2428 | D:2      | HP: 2/36 [adder (2)]
  3243 | D:2      | Noticed Natasha
  3249 | D:2      | Killed Natasha
  3433 | D:3      | Learned a level 1 spell: Confusing Touch
  3543 | D:3      | Reached XP level 5. HP: 41/42 MP: 8/10
  4245 | D:3      | Found a sacrificial altar of Ru.
  4249 | D:3      | Found a deep blue altar of Sif Muna.
  4529 | D:4      | Reached skill level 1 in Hexes
  4586 | D:4      | Reached skill level 5 in Unarmed Combat
  4736 | D:4      | Found a white marble altar of Elyvilon.
  4748 | D:4      | Reached XP level 6. HP: 50/50 MP: 11/11
  5035 | D:4      | Found a glowing silver altar of Zin.
  5035 | D:4      | Noticed an angel
  5036 | D:4      | Found a shimmering altar of Xom.
  5179 | D:4      | Found a staircase to the Ecumenical Temple.
  5325 | D:4      | Found an ancient bone altar of Kikubaaqudgha.
  5544 | D:5      | Entered Level 5 of the Dungeon
  5680 | D:5      | Noticed Sigmund
  5681 | D:5      | Found a shadowy altar of Dithmenos.
  6566 | D:6      | Reached skill level 6 in Unarmed Combat
  6566 | D:6      | Reached XP level 7. HP: 54/57 MP: 13/13
  6967 | D:6      | Found an opulent altar of Gozag.
  7334 | D:7      | Found Seoden's Jewellery Emporium.
  7377 | D:7      | HP: 27/58 [something (6)]
  7379 | D:7      | HP: 11/58 [sky beast (6)]
  7847 | D:7      | Bought a +3 ring of protection for 273 gold pieces
  7849 | D:7      | Found a radiant altar of Vehumet.
  7894 | D:7      | Found Avvituric's Antique Armour Shoppe.
  8021 | D:7      | Found a hide-covered altar of Uskayaw.
  8022 | D:7      | Found a basalt altar of Yredelemnul.
  8197 | D:7      | Found Ohalaik's Magic Scroll Emporium.
  8203 | D:7      | Bought a scroll of magic mapping for 56 gold pieces
  8402 | D:7      | Reached XP level 8. HP: 66/66 MP: 14/14
  8454 | D:7      | Noticed Pikel
  8510 | D:7      | Killed Pikel
  8510 | D:7      | Reached skill level 7 in Unarmed Combat
  8510 | D:7      | Reached skill level 5 in Transmutations
  8586 | D:7      | Killed Sigmund
  8665 | D:7      | Learned a level 5 spell: Blade Hands
  8880 | D:8      | Reached skill level 5 in Fighting
  8952 | D:8      | Found an ornate altar of the Wu Jian Council.
  9075 | D:8      | Noticed a two-headed ogre
  9083 | D:7      | HP: 34/68 [killer bee (5)]
  9090 | D:7      | HP: 33/68 [poisoned by a killer bee]
  9097 | D:7      | HP: 32/68 [poisoned by a killer bee]
  9105 | D:7      | HP: 32/68 [poisoned by a killer bee]
  9381 | D:7      | Reached skill level 8 in Unarmed Combat
  9671 | D:8      | Reached XP level 9. HP: 74/74 MP: 15/15
  9915 | D:8      | HP: 32/74 [two-headed ogre/giant club (21)]
 10268 | D:8      | Noticed a gargoyle
 10507 | D:9      | Noticed a two-headed ogre
 10519 | D:9      | Killed a two-headed ogre
 10519 | D:9      | Reached skill level 9 in Unarmed Combat
 10723 | D:8      | HP: 37/75 [poisoned by a killer bee]
 10728 | D:8      | HP: 34/75 [poisoned by a killer bee]
 10733 | D:8      | HP: 33/75 [poisoned by a killer bee]
 10739 | D:8      | HP: 33/75 [poisoned by a killer bee]
 10748 | D:8      | HP: 30/75 [poisoned by a killer bee]
 11453 | D:8      | HP: 37/75 [poisoned by a killer bee]
 11458 | D:8      | HP: 35/75 [poisoned by a killer bee]
 11463 | D:8      | HP: 33/75 [poisoned by a killer bee]
 11468 | D:8      | HP: 32/75 [poisoned by a killer bee]
 11475 | D:8      | HP: 32/75 [poisoned by a killer bee]
 11483 | D:8      | HP: 32/75 [poisoned by a killer bee]
 11692 | D:9      | Found Hacs's Distillery.
 12576 | D:9      | Bought a potion of heal wounds for 60 gold pieces
 12646 | D:10     | Entered Level 10 of the Dungeon
 12646 | D:10     | Found an iron altar of Okawaru.
 12875 | D:10     | Reached XP level 10. HP: 83/83 MP: 16/17
 13060 | D:10     | Reached skill level 1 in Armour
 13214 | D:10     | Noticed Erica
 13779 | D:10     | Killed Erica
 13779 | D:10     | Reached skill level 10 in Unarmed Combat
 13894 | D:8      | Killed a two-headed ogre
 14060 | D:11     | Noticed a two-headed ogre
 14065 | D:11     | Killed a two-headed ogre
 14307 | D:11     | Reached XP level 11. HP: 83/92 MP: 19/19
 14686 | D:11     | Found a staircase to the Lair.
 14762 | D:11     | Learned a level 4 spell: Ice Form
 15458 | Lair:1   | Entered Level 1 of the Lair of Beasts
 16111 | Lair:1   | Reached skill level 11 in Unarmed Combat
 16298 | Lair:1   | Noticed Grum
 16319 | Lair:1   | Killed Grum
 16861 | Lair:2   | Reached skill level 5 in Dodging
 17109 | Lair:2   | Noticed a five-headed hydra
 17137 | Lair:2   | Killed a five-headed hydra
 17137 | Lair:2   | Reached XP level 12. HP: 90/101 MP: 10/21
 17340 | Lair:2   | Noticed a catoblepas
 17347 | Lair:2   | Killed a catoblepas
 17806 | Lair:3   | Noticed a four-headed hydra
 17817 | Lair:3   | HP: 57/121 [four-headed hydra (5)]
 17818 | Lair:3   | Killed a four-headed hydra
 18047 | Lair:3   | Reached skill level 5 in Armour
 18183 | Lair:3   | Reached skill level 10 in Transmutations
 18407 | Lair:3   | Found a staircase to the Swamp.
 18493 | Lair:3   | Learned a level 3 spell: Confuse
 18749 | Lair:3   | Reached skill level 12 in Unarmed Combat
 18779 | Lair:3   | Noticed a five-headed hydra
 18804 | Lair:3   | Killed a five-headed hydra
 19111 | Lair:3   | Found a staircase to the Snake Pit.
 19204 | Lair:3   | Found a shimmering altar of Xom.
 19513 | Snake:1  | Entered Level 1 of the Snake Pit
 19933 | Lair:4   | Noticed Sonja
 19953 | Lair:4   | HP: 50/103 [poisoned by Sonja (curare-tipped needle)]
 20134 | Lair:4   | Noticed Sonja
 20134 | Lair:4   | Sonja changed into Sonja the acid dragon
 20143 | Lair:4   | Killed Sonja the acid dragon
 20193 | Lair:4   | Found an opulent altar of Gozag.
 20301 | Lair:4   | Reached skill level 1 in Evocations
 21359 | Lair:5   | Noticed a six-headed hydra
 21367 | Lair:5   | Killed a six-headed hydra
 21532 | Lair:5   | Noticed a five-headed hydra
 21547 | Lair:5   | Killed a five-headed hydra
 21547 | Lair:5   | Reached XP level 13. HP: 77/108 MP: 14/23
 21798 | Lair:5   | Noticed Josephine
 21805 | Lair:5   | Killed Josephine
 21805 | Lair:5   | Reached skill level 5 in Evocations
 22465 | Lair:5   | Found a runed door.
 22465 | Lair:5   | Found a viscous altar of Jiyva.
 22465 | Lair:5   | Found a staircase to the Slime Pits.
 22991 | Lair:6   | Entered Level 6 of the Lair of Beasts
 23077 | Lair:6   | HP: 48/108 [komodo dragon (10)]
 23082 | Lair:6   | HP: 47/108 [komodo dragon (3)]
 23090 | Lair:5   | HP: 37/108 [komodo dragon (12)]
 23863 | Lair:6   | HP: 51/110 [elephant (11)]
 23874 | Lair:6   | Got a brightly glowing flail
 23881 | Lair:6   | Identified the +5 flail "Cuocorgh" {freeze, Str+4} (You
                  | found it on level 6 of the Lair of Beasts)
 24094 | Lair:6   | Reached skill level 5 in Spellcasting
 24408 | Lair:6   | HP: 51/111 [komodo dragon (21)]
 25093 | Lair:6   | Found a large runed door.
 25094 | Lair:6   | Found a large runed door.
 25126 | Lair:6   | HP: 52/111 [nine-headed hydra (5)]
 25141 | Lair:6   | HP: 53/111 [komodo dragon (3)]
 26288 | Lair:4   | Reached skill level 13 in Unarmed Combat
 26288 | Lair:4   | Reached skill level 5 in Hexes
 26569 | D:12     | HP: 43/111 [sun demon[a kobold demonologist] (13)]
 26891 | D:12     | Found Mongoh's Food Shoppe.
 26899 | D:12     | Found a staircase to the Orcish Mines.
 27127 | D:12     | HP: 46/111 [slime creature (14)]
 27817 | D:12     | HP: 41/111 [phantasmal warrior (16)]
 27823 | D:12     | HP: 14/111 [phantasmal warrior (13)]
 28124 | D:12     | Got an uncursed twisted whip {speed}
 28171 | D:12     | Identified the +6 whip of the Pyrrhic Victory {speed, MR++
                  | Str-4} (You took it off a centaur warrior on level 12 of
                  | the Dungeon)
 28338 | D:12     | Noticed a frost giant
 28371 | D:12     | Killed a frost giant
 28371 | D:12     | Reached XP level 14. HP: 89/118 MP: 15/26
 29203 | D:13     | Found a labyrinth entrance.
 29209 | Lab      | Entered a labyrinth
 29289 | Lab      | Got an ichor-stained ring mail
 29291 | Lab      | Identified the +3 ring mail "Loupto" {rCorr} (You found it
                  | in a labyrinth)
 29380 | Lab      | Identified the Volume of Freezing Execration
 29380 | Lab      | Identified Zasa's Handbook of Burning Snow
 29899 | D:13     | Got an ichor-stained hand axe
 30344 | D:14     | Found a gate to the Vaults.
 31065 | D:14     | Got a transparent dagger
 31085 | D:14     | Identified the +11 dagger of the Sun {drain, rElec Str+3}
                  | (You found it on level 14 of the Dungeon)
 31229 | D:14     | Reached skill level 10 in Fighting
 31426 | D:14     | Found a blossoming altar of Fedhas.
 31519 | D:14     | HP: 58/121 [seven-headed hydra (7)]
 31530 | D:13     | HP: 61/145 [seven-headed hydra (2)]
 31532 | D:13     | HP: 29/145 [seven-headed hydra (4)]
 31580 | D:13     | HP: 38/145 [seven-headed hydra (7)]
 31638 | D:13     | HP: 35/121 [seven-headed hydra (5)]
 31639 | D:13     | HP: 16/121 [seven-headed hydra (7)]
 31664 | D:12     | HP: 19/121 [bullfrog (1)]
 31684 | D:12     | HP: 24/121 [hound (1)]
 32172 | D:7      | Bought a scroll of acquirement for 832 gold pieces
 32174 | D:7      | Bought a scroll of teleportation for 48 gold pieces
 32174 | D:7      | Bought a scroll of teleportation for 48 gold pieces
 32295 | D:12     | Paralysed by a hornet for 1 turns
 32336 | D:13     | HP: 70/145 [seven-headed hydra (8)]
 32729 | D:14     | Learned a level 4 spell: Cause Fear
 33225 | Orc:1    | Entered Level 1 of the Orcish Mines
 33512 | Orc:2    | Entered Level 2 of the Orcish Mines
 33512 | Orc:2    | Found a staircase to the Elven Halls.
 33791 | Orc:2    | Reached skill level 14 in Unarmed Combat
 34123 | Orc:2    | Found Nothryce's General Store.
 35025 | Orc:2    | Reached XP level 15. HP: 120/127 MP: 27/29
 35240 | Orc:2    | Found Musa's Antique Armour Shoppe.
 35240 | Orc:2    | Found Nuggumo's Assorted Antiques.
 35241 | Orc:2    | Found Cuiqi's Antique Armour Boutique.
 35241 | Orc:2    | Found Leydor's Armour Shoppe.
 35251 | Orc:2    | Bought a scroll labeled BIRETA XANORGHA for 32 gold pieces
 35253 | Orc:2    | Bought a pair of faintly glowing boots for 294 gold pieces
 35263 | Orc:2    | Identified the +3 pair of boots of Time Monsters {rC+ rCorr
                  | MP-9 Str+3} (You bought it in a shop on level 2 of the
                  | Orcish Mines)
 35273 | Orc:2    | Bought a distressingly furry scale mail for 225 gold pieces
 35273 | Orc:2    | Bought a slimy scale mail for 225 gold pieces
 35283 | Orc:2    | Identified the cursed +0 scale mail of Wubesae {Regen+}
                  | (You bought it in a shop on level 2 of the Orcish Mines)
 35294 | Orc:2    | Identified the cursed +1 scale mail "Suex" {+Inv Dex+2}
                  | (You bought it in a shop on level 2 of the Orcish Mines)
 35303 | Orc:2    | Bought a +2 pair of gloves of strength for 301 gold pieces
 35669 | D:15     | Entered Level 15 of the Dungeon
 35717 | D:15     | HP: 64/128 [vampire mosquito (1)]
 35953 | D:15     | HP: 61/128 [hippogriff (5)]
 35963 | D:15     | HP: 38/128 [deep elf mage/bolt of magma (26)]
 35975 | D:14     | HP: 54/128 [centaur warrior skeleton (4)]
 36314 | D:15     | HP: 74/153 [eight-headed hydra (4)]
 36326 | D:15     | HP: 58/153 [basilisk (11)]
 36332 | D:15     | HP: 51/153 [rime drake/flash freeze (9)]
 36337 | D:15     | HP: 42/153 [rime drake/flash freeze (11)]
 36679 | D:13     | HP: 62/128 [something (8)]
 36691 | D:13     | HP: 64/128 [something (1)]
 37123 | D:15     | HP: 57/128 [death knight/enchanted glaive (12)]
 37389 | D:14     | You fall through a shaft!
 37528 | D:14     | HP: 59/128 [fire dragon (6)]
 37850 | D:14     | HP: 61/128 [freezing wraith[a death knight] (6)]
 37855 | D:14     | HP: 67/192 [wraith[a death knight] (9)]
 37861 | D:14     | HP: 60/192 [rime drake/flash freeze (9)]
 38443 | D:15     | Noticed Azrael
 38450 | D:14     | Killed Azrael
 38482 | D:14     | HP: 51/128 [cyan ugly thing (16)]
 38817 | D:14     | HP: 75/153 [four-headed hydra (5)]
 39175 | D:15     | HP: 64/128 [six-headed hydra (9)]
 39187 | D:15     | HP: 76/230 [centaur/arrow[a centaur warrior] (8)]
 39236 | D:15     | Learned a level 6 spell: Statue Form
 39533 | D:15     | Reached skill level 1 in Earth Magic
 39811 | D:15     | Found a staircase to the Depths.
 40473 | Lair:1   | Learned a level 5 spell: Irradiate
 40534 | Swamp:1  | Entered Level 1 of the Swamp
 41047 | Swamp:1  | Reached skill level 15 in Unarmed Combat
 41050 | Swamp:1  | HP: 59/128 [spriggan rider/spear (19)]
 41515 | Swamp:1  | HP: 52/128 [alligator (16)]
 41521 | Swamp:1  | HP: 48/192 [alligator (8)]
 42313 | Swamp:1  | You fall through a shaft!
 42330 | Swamp:2  | Reached XP level 16. HP: 106/137 MP: 18/32
 42334 | Swamp:2  | HP: 79/164 [seven-headed hydra (8)]
 42348 | Swamp:2  | HP: 91/246 [alligator (9)]
 42356 | Swamp:2  | HP: 60/164 [vampire mosquito (3)]
 42361 | Swamp:2  | HP: 51/164 [vampire mosquito (4)]
 42439 | Swamp:2  | HP: 65/137 [insubstantial wisp/static electricity (3)]
 42459 | Swamp:2  | HP: 66/137 [insubstantial wisp/static electricity (4)]
 42463 | Swamp:2  | HP: 31/137 [alligator (9)]
 42684 | Swamp:2  | HP: 63/137 [tyrant leech (22)]
 44958 | Swamp:3  | HP: 85/205 [tyrant leech[a spriggan druid] (36)]
 44963 | Swamp:3  | HP: 41/205 [alligator[a spriggan druid] (23)]
 46317 | D:7      | Bought a scroll of amnesia for 56 gold pieces
 46326 | D:7      | Learned a level 7 spell: Dragon Form
 46361 | D:7      | Bought an uncursed ring of protection from cold for 325
                  | gold pieces
 46622 | Swamp:4  | Entered Level 4 of the Swamp
 47709 | Swamp:4  | HP: 83/205 [bog body (22)]
 47714 | Swamp:4  | HP: 67/205 [bog body (15)]
 47745 | Swamp:4  | HP: 54/205 [thorn hunter/volley of thorns (27)]
 47747 | Swamp:4  | HP: 15/205 [thorn hunter/volley of thorns (39)]
 47749 | Swamp:4  | HP: 3/205 [thorn hunter/volley of thorns (13)]
 47946 | Swamp:4  | HP: 95/205 [eight-headed hydra (12)]
 48257 | Swamp:4  | HP: 102/205 [poisoned by a swamp dragon (poison gas)]
 48308 | Swamp:4  | HP: 45/137 [thorn hunter/volley of thorns (37)]
 48680 | Swamp:4  | HP: 66/137 [spriggan berserker/flail (16)]
 48685 | Swamp:4  | HP: 61/205 [poison (poison gas)]
 48690 | Swamp:4  | HP: 38/137 [poison (poison gas)]
 48695 | Swamp:4  | HP: 33/137 [poison (poison gas)]
 48700 | Swamp:4  | HP: 32/137 [poison (poison gas)]
 48706 | Swamp:4  | HP: 32/137 [poison (poison gas)]
 48712 | Swamp:4  | HP: 32/137 [poison (poison gas)]
 49068 | Swamp:4  | Got a decaying rune of Zot
 49973 | Lair:3   | HP: 65/137 [shock serpent (11)]
 50359 | Snake:1  | HP: 98/205 [naga sharpshooter/bolt (12)]
 50365 | Snake:1  | HP: 58/205 [naga sharpshooter/arrow (13)]
 50810 | Snake:1  | HP: 61/137 [salamander/trident (15)]
 51303 | Snake:1  | HP: 68/137 [poisoned by a naga warrior (splash of poison)]
 51308 | Snake:1  | HP: 56/137 [poisoned by a naga warrior (splash of poison)]
 51315 | Lair:3   | HP: 57/137 [poisoned by a naga warrior (splash of poison)]
 51323 | Lair:3   | HP: 57/137 [poisoned by a naga warrior (splash of poison)]
 51579 | Snake:1  | Reached XP level 17. HP: 122/144 MP: 20/35
 51585 | Snake:1  | HP: 68/144 [shock serpent/bolt of electricity (16)]
 52030 | Snake:1  | HP: 70/144 [shock serpent/bolt of electricity (11)]
 52846 | Snake:1  | Reached skill level 10 in Spellcasting
 53312 | Snake:2  | Noticed Vashnia
 53315 | Snake:2  | HP: 63/144 [naga sharpshooter/bolt[Vashnia] (23)]
 54573 | Snake:2  | HP: 69/144 [naga sharpshooter/arrow[Vashnia] (6)]
 54579 | Snake:1  | HP: 48/144 [poisoned by a naga sharpshooter (splash of
                  | poison)]
 54585 | Snake:1  | HP: 47/144 [poisoned by a naga sharpshooter (splash of
                  | poison)]
 54591 | Snake:1  | HP: 47/144 [poisoned by a naga sharpshooter (splash of
                  | poison)]
 54599 | Snake:1  | HP: 48/144 [poisoned by a naga sharpshooter (splash of
                  | poison)]
 54920 | Snake:2  | HP: 62/144 [Vashnia/arrow (13)]
 54922 | Snake:2  | HP: 27/144 [Vashnia/arrow (19)]
 54923 | Snake:2  | Killed Vashnia
 54923 | Snake:2  | Reached skill level 5 in Earth Magic
 54928 | Snake:2  | HP: 26/144 [poisoned by Vashnia (splash of poison)]
 54935 | Snake:2  | HP: 26/144 [poisoned by Vashnia (splash of poison)]
 54943 | Snake:2  | HP: 27/144 [poisoned by Vashnia (splash of poison)]
 55326 | Snake:2  | Found Kokhlenum's Antique Weapon Emporium.
 56068 | Snake:3  | HP: 70/144 [naga mage/orb of energy (16)]
 56073 | Snake:3  | HP: 46/144 [poisoned by a naga (splash of poison)]
 56078 | Snake:3  | HP: 44/144 [poisoned by a naga (splash of poison)]
 56083 | Snake:3  | HP: 44/144 [poisoned by a naga (splash of poison)]
 56088 | Snake:3  | HP: 42/144 [poisoned by a naga (splash of poison)]
 56093 | Snake:3  | HP: 39/144 [poisoned by a naga (splash of poison)]
 56099 | Snake:3  | HP: 37/144 [poisoned by a naga (splash of poison)]
 56106 | Snake:3  | HP: 36/144 [poisoned by a naga (splash of poison)]
 56113 | Snake:3  | HP: 37/144 [poisoned by a naga (splash of poison)]
 56121 | Snake:3  | HP: 37/144 [poisoned by a naga (splash of poison)]
 56470 | Snake:3  | Reached skill level 1 in Shields
 56494 | Snake:3  | HP: 66/144 [naga warrior/battleaxe (13)]
 56500 | Snake:3  | HP: 57/144 [poisoned by a naga ritualist (toxic radiance)]
 56507 | Snake:3  | HP: 56/144 [poisoned by a naga ritualist (toxic radiance)]
 56514 | Snake:3  | HP: 56/144 [poisoned by a naga ritualist (toxic radiance)]
 56522 | Snake:3  | HP: 57/144 [poisoned by a naga ritualist (toxic radiance)]
 56971 | Snake:3  | HP: 107/216 [shock serpent (10)]
 56976 | Snake:3  | HP: 85/216 [something (4)]
 56982 | Snake:3  | HP: 86/216 [poisoned by a naga (splash of poison)]
 57936 | Snake:3  | HP: 71/144 [naga sharpshooter/arrow (3)]
 57941 | Snake:3  | HP: 65/216 [naga sharpshooter/arrow (10)]
 57946 | Snake:3  | HP: 63/216 [poisoned by a naga sharpshooter (splash of
                  | poison)]
 57951 | Snake:3  | HP: 40/144 [poisoned by a naga sharpshooter (splash of
                  | poison)]
 57956 | Snake:3  | HP: 38/144 [poisoned by a naga sharpshooter (splash of
                  | poison)]
 57963 | Snake:3  | HP: 37/144 [poisoned by a naga sharpshooter (splash of
                  | poison)]
 57968 | Snake:3  | HP: 38/144 [poisoned by a naga sharpshooter (splash of
                  | poison)]
 58578 | Snake:4  | Entered Level 4 of the Snake Pit
 58652 | Snake:4  | Reached skill level 5 in Shields
 59300 | Snake:4  | Noticed Asterion
 59304 | Snake:4  | HP: 92/187 [Asterion/broad axe of draining (9)]
 59592 | Snake:4  | HP: 91/187 [naga mage/spear (5)]
 59603 | Snake:4  | HP: 79/280 [naga mage/poison arrow (3)]
 59607 | Snake:4  | HP: 34/187 [nagaraja/whip (7)]
 60340 | Snake:4  | Killed Asterion
 60441 | Snake:4  | HP: 69/144 [naga sharpshooter/bolt (6)]
 60445 | Snake:4  | Reached XP level 18. HP: 68/151 MP: 23/37
 60853 | Snake:4  | HP: 64/151 [naga mage/orb of energy (12)]
 60858 | Snake:4  | HP: 62/151 [poisoned by a nagaraja (poison arrow)]
 60864 | Snake:4  | HP: 60/151 [poisoned by a nagaraja (poison arrow)]
 60869 | Snake:4  | HP: 60/151 [poisoned by a nagaraja (poison arrow)]
 60876 | Snake:4  | HP: 60/151 [poisoned by a nagaraja (poison arrow)]
 60884 | Snake:4  | HP: 61/151 [poisoned by a nagaraja (poison arrow)]
 61482 | Snake:4  | Got a serpentine rune of Zot
 62038 | Vaults:1 | Entered Level 1 of the Vaults
 63555 | Vaults:2 | Found Xozib's Jewellery Emporium.
 64105 | Vaults:2 | Noticed a lich
 64119 | Vaults:2 | Paralysed by a lich for 3 turns
 64125 | Vaults:2 | Killed a lich
 64125 | Vaults:2 | Reached skill level 16 in Unarmed Combat
 64125 | Vaults:2 | HP: 87/197 [stone giant/large rock (36)]
 64139 | Vaults:2 | Reached skill level 10 in Dodging
 64141 | Vaults:2 | HP: 84/197 [frost giant/bolt of cold (7)]
 64150 | Vaults:2 | HP: 67/197 [mirror damage (4)]
 64166 | Vaults:2 | HP: 50/197 [something (1)]
 64172 | Vaults:2 | HP: 47/197 [something (1)]
 64181 | Vaults:2 | Reached skill level 1 in Conjurations
 65165 | Vaults:2 | You fall through a shaft for 2 floors!
 65179 | Vaults:4 | Noticed Boris
 65195 | Vaults:4 | Killed Boris
 65513 | Vaults:4 | Reached skill level 10 in Shields
 65770 | Vaults:4 | Noticed Mara
 65771 | Vaults:4 | Noticed Monsterracer's illusion
 65810 | Vaults:4 | Noticed Monsterracer's illusion
 65830 | Vaults:4 | HP: 99/200 [Mara/demon whip of draining (17)]
 65837 | Vaults:4 | HP: 55/200 [Mara/bolt of fire (21)]
 65841 | Vaults:4 | Noticed Monsterracer's illusion
 65842 | Vaults:4 | HP: 48/231 [Monsterracer's illusion[Mara] (17)]
 65848 | Vaults:4 | HP: 70/346 [Mara (illusionary)/demon whip of draining (6)]
 65853 | Vaults:4 | HP: 58/346 [Mara/bolt of fire (12)]
 65857 | Vaults:4 | Killed Mara
 65857 | Vaults:4 | Reached skill level 15 in Transmutations
 65857 | Vaults:4 | Reached XP level 19. HP: 40/160 MP: 31/38
 66398 | Vaults:4 | Found a portal to a secret trove of treasure.
 66477 | Vaults:4 | Noticed Sojobo
 67342 | Vaults:3 | Reached skill level 10 in Armour
 67972 | Vaults:2 | Found a staircase to the Crypt.
 68688 | Vaults:3 | Reached skill level 17 in Unarmed Combat
 68697 | Vaults:3 | HP: 70/209 [deep elf sorcerer/damnation[an ironheart
                  | preserver] (35)]
 68704 | Vaults:3 | HP: 80/313 [hellwing[an orc knight] (8)]
 68718 | Vaults:3 | HP: 58/209 [yaktaur (1)]
 69363 | Vaults:3 | Reached skill level 5 in Conjurations
 70058 | Vaults:3 | HP: 79/162 [deep troll[an ironheart preserver] (14)]
 70114 | Vaults:3 | HP: 80/162 [deep troll[an ironheart preserver] (6)]
 70134 | Vaults:3 | HP: 76/210 [deep troll[an ironheart preserver] (6)]
 70143 | Vaults:3 | HP: 79/210 [deep troll[an ironheart preserver] (1)]
 70487 | Vaults:3 | Found Seczuuc's Weapon Emporium.
 70716 | Vaults:4 | HP: 104/210 [air elemental[Sojobo] (3)]
 70730 | Vaults:4 | HP: 92/210 [troll (shapeshifter) (2)]
 70735 | Vaults:4 | HP: 88/210 [vault warden/great mace (1)]
 71579 | Vaults:4 | HP: 75/162 [fire elemental[a yaktaur captain] (13)]
 71589 | Vaults:4 | HP: 86/315 [vault warden/war axe (9)]
 71595 | Vaults:4 | HP: 19/315 [ogre mage/bolt of fire (31)]
 71595 | Vaults:4 | Killed from afar by an ogre mage

Skill      XL: |  1  2  3  4  5  6  7  8  9 10 11 12 13 14 15 16 17 18 19 |
---------------+----------------------------------------------------------+-----
Fighting       | 1 2 3 4 5 6 7 8 9 10 11 12 | 12.8
Unarmed Combat | 3 4 5 6 8 9 10 11 12 13 14 15 16 17 | 17.5
Transmutations | 2 4 6 7 9 10 11 12 14 15 | 15.1
Hexes          | 1 2 3 5 |  5.1
Spellcasting   | 2 3 4 5 6 7 9 10 | 10.1
Dodging        | 3 5 6 7 8 9 10 | 10.0
Armour         | 2 4 5 7 8 9 10 | 10.0
Evocations     | 4 5 |  5.1
Earth Magic    | 3 7 8 9 |  9.0
Shields        | 8 10 11 | 11.1
Conjurations   | 2 5 |  5.0

Action                   |  1- 3 |  4- 6 |  7- 9 | 10-12 | 13-15 | 16-18 | 19-21 || total
-------------------------+-------+-------+-------+-------+-------+-------+-------++-------
Melee: Unarmed           |   133 |   330 |   615 |   626 |  1593 |  1658 |   517 ||  5472
       Headbutt          |     8 |     6 |       |       |       |       |       ||    14
       Kick              |    14 |     5 |       |       |       |       |       ||    19
       Punch             |     3 |     9 |    20 |    33 |   104 |    83 |     8 ||   260
       Tailslap          |       |       |       |       |       |    27 |     5 ||    32
       Bite              |       |       |       |       |       |    18 |     4 ||    22
 Cast: Beastly Appendage |    23 |     8 |       |       |       |       |       ||    31
       Sticks to Snakes  |     3 |     5 |    10 |       |     6 |     2 |     2 ||    28
       Confusing Touch   |       |     2 |    12 |       |     3 |       |       ||    17
       Spider Form       |       |       |     2 |     1 |       |       |       ||     3
       Blade Hands       |       |       |     3 |    48 |   108 |    76 |    16 ||   251
       Ice Form          |       |       |       |     5 |    12 |     2 |       ||    19
       Cause Fear        |       |       |       |       |     1 |     1 |     1 ||     3
       Dragon Form       |       |       |       |       |       |    11 |     2 ||    13
       Statue Form       |       |       |       |       |       |    24 |    16 ||    40
       Irradiate         |       |       |       |       |       |       |     1 ||     1
 Abil: End Transformatio |       |       |       |     2 |     5 |     4 |     2 ||    13
       Evoke Berserk Rag |       |       |       |       |     3 |    10 |     2 ||    15
Evoke: Wand              |       |       |       |     4 |     5 |     3 |     1 ||    13
  Use: Scroll            |       |    11 |     8 |     4 |    21 |    11 |     3 ||    58
       Potion            |       |     2 |       |     1 |     3 |     2 |     1 ||     9
 Stab: Sleeping          |     1 |     1 |     2 |       |       |       |       ||     4
       Confused          |       |     3 |     4 |       |     2 |     2 |       ||    11
       Distracted        |       |       |     2 |     1 |       |     1 |       ||     4
  Eat: Chunk             |     4 |    14 |    21 |    39 |    65 |    56 |    17 ||   216
       Ration            |       |       |     3 |     2 |    12 |    17 |     4 ||    38
Armor: Robe              |    17 |     5 |   213 |    63 |     5 |    61 |       ||   364
       Ring mail         |       |   128 |    82 |   191 |   856 |       |       ||  1257
       Skin              |       |       |     3 |    20 |    93 |   376 |   216 ||   708
       Chain mail        |       |       |       |       |   111 |    40 |       ||   151
       Fire dragon scale |       |       |       |       |    10 |       |       ||    10
       Swamp dragon scal |       |       |       |       |       |   364 |    65 ||   429
Dodge: Dodged            |    67 |   186 |   368 |   383 |  1354 |  1114 |   359 ||  3831
Block: Shield            |       |       |       |       |       |   224 |   270 ||   494

Vault maps used:
D:1:      onia_arrival_zoo_common, serial_bayou_pond_a, minmay_door_square,
          grunt_decor_mini_mirrors
D:2:      marbit_many_paths, first_ration, corexii_hall_statues_t, uniq_natasha
D:3:      gammafunk_temple_overflow_pools
D:4:      grunt_temple_overflow_order_and_chaos_1, overflow_temple_1_default,
          kennysheep_little_box, temple_fountains
D:5:      lemuel_round_altar, uniq_sigmund
D:6:      kennysheep_mini_moat
D:7:      vehumet_altar_wand_db, chequers_temple_overflow_statue_of_worship,
          serial_shops, shop, nicolae_shop_trees, shop, uniq_pikel
D:8:      lemuel_round_altar
D:9:      serial_shops, nicolae_shop_waterfront, kennysheep_generic_room_16
D:10:     the_bakery, okawaru_ov_weapons_minmay, uniq_erica
D:11:     minmay_lair_entry_grove
D:12:     thingy_vault, zombieorc2_lemuel, serial_shops, kennysheep_mini
D:13:     lab_entry_generic
D:14:     david_vaults_3, fedhas_altar_fruit_tree
D:15:     grunt_enter_depths_magical_seal, minmay_misc_feat_tower, special_room,
          uniq_azrael
Lair:1:   lemuel_fruit_tree, serial_bayou_shore_a, serial_bayou_shore_b,
          uniq_grum
Lair:3:   beast_lair_carwin_large_3, minmay_swamp_entry_reptiles,
          minmay_snake_entry_guardpost_small, lemuel_centaur_altar
Lair:4:   basic_altar, grunt_megastairs_5, minmay_lair_oklob_chamber, uniq_sonja
Lair:5:   slime_altar_2, minivault_25, wad_woods_road_03, uniq_josephine
Lair:6:   cheibrodos_lair_end_hotspot
Swamp:1:  evilmike_swamp_ruin_wall, swamp_pool4
Swamp:2:  nicolae_swamp_feature_on_the_river_bank
Swamp:3:  hangedman_swamp_ruin_wall, swamp_pool2, infiniplex_staircase_pool
Swamp:4:  swamp_basic_johnstein
Snake:1:  grunt_ministairs_8
Snake:2:  serial_shops, nicolae_shop_trees, uniq_vashnia
Snake:4:  snake_pit, uniq_asterion
Orc:2:    st_orc_ogre_mass, serial_shops, nicolae_shop_waterfront
Vaults:1: v_misc_15, serial_ice_b, nicolae_vaults_asterisk, v_misc_8, v_misc_29,
          vaults_mumra_minichess_inversion
Vaults:2: minmay_crypt_entry_vampire_xt, nicolae_vaults_an_arrangement,
          nicolae_vaults_network_s, nicolae_vaults_arrows, v_misc_26,
          nicolae_vaults_disjoint_gnomons, grunt_vaults_diagonal, serial_shops,
          shop_statue, portal_desolation_entry_garden
Vaults:3: st_cross, v_misc_33, v_pattern_2, nicolae_vaults_network_barrier,
          vaults_room_pools, nicolae_vaults_big_ls,
          ontoclasm_vaults_ring_square, grunt_vaults_swirl, vaults_room_boxed,
          vaults_room_hallway, vaults_room_semicircle, serial_shops, shop
Vaults:4: nicolae_vaults_little_ls, hangedman_vaults_cutoff, v_misc_27,
          nicolae_vaults_little_squares_1, st_squares,
          nicolae_vaults_little_squares_3, ontoclasm_vaults_spin, v_misc_15,
          v_alt_pattern_3, vaults_room_stairs_pillars,
          hangedman_vaults_corner_blocks, nicolae_vaults_little_squares_6,
          enter_trove_0, uniq_sojobo, uniq_boris, uniq_mara
Lab:      labyrinth_hidden_loot, nicolae_lab_quarters,
          labyrinth_skeletal_remains, nicolae_lab_swirl, nicolae_lab_dead_end,
          nicolae_lab_do_over
